 Dungeon Crawl Stone Soup version 0.17-a0-105-g8f3376a (webtiles) character file.

35 Pikaro the Sneak (level 3, 0/18 HPs)
             Began as a Vine Stalker Assassin on Mar 18, 2015.
             Succumbed to an adder's poison
             ... on level 2 of the Dungeon.
             The game lasted 00:01:49 (857 turns).

Pikaro the Sneak (Vine Stalker Assassin)             Turns: 857, Time: 00:01:50

Health: 0/18       AC:  3    Str: 13    XL:     3   Next: 35%
Magic:  3/4        EV: 11    Int: 11    God:
Gold:   34         SH:  0    Dex: 16    Spells: 0 memorised, 2 levels left

rFire  . . .     SeeInvis .     a - +2 dagger
rCold  . . .     Clarity  .     c - +0 robe
rNeg   . . .     SustAb   .     (no shield)
rPois  .         Gourm    .     (no helmet)
rElec  .         Spirit   +     d - +0 cloak
rCorr  .         Warding  .     (no gloves)
rMut   .         Stasis   .     (no boots)
MR     .....                    (no amulet)
Stlth  +++.......               (no ring)
                                (no ring)

@: lethally poisoned (0 -> -3), not resistant to hostile enchantments, fairly
stealthy
A: fangs 2, regeneration 1, magic shield, antimagic bite, no device heal 3, rot
immunity
a: no special abilities


You were on level 2 of the Dungeon.
You were not hungry.

You visited 1 branch of the dungeon, and saw 2 of its levels.

You collected 34 gold pieces.

Inventory:

Hand weapons
 a - a +2 dagger (weapon)
 b - a +0 blowgun
Missiles
 e - 8 poisoned needles
 f - 2 curare-tipped needles
Armour
 c - a +0 robe (worn)
 d - a +0 cloak (worn)
Scrolls
 h - a scroll of remove curse {unknown}
 i - a scroll of blinking {unknown}
 j - 2 scrolls of identify {unknown}
 k - a scroll of amnesia {unknown}
 m - a scroll of teleportation
Comestibles
 g - 2 bread rations


   Skills:
 - Level 1.7 Fighting
 + Level 3.3 Short Blades
 - Level 1.7 Throwing
 - Level 0.7 Dodging
 - Level 4.8 Stealth


You had 2 spell levels left.
You didn't know any spells.

Dungeon Overview and Level Annotations

Branches:
Dungeon (2/15)

Altars:


Innate Abilities, Weirdness & Mutations

You have extremely sharp teeth.
Your natural rate of healing is unusually fast.
When hurt, damage is shared between your health and your magic reserves.
Your bite disrupts and absorbs the magic of your enemies.
Potions and wands cannot restore your health.
You are immune to rotting.


Message History

No target in view!
You see here 4 tomahawks.
A hobgoblin comes into view.
No target in view!
No target in view!
No target in view!
No target in view!
The hobgoblin shouts!
The hobgoblin barely misses you.
You hit the hobgoblin but do no damage. Your bite misses the hobgoblin.
The hobgoblin hits you.
You take 1 damage, and have 14/15 hp.
You now have 2/3 mp.
You barely miss the hobgoblin. You bite the hobgoblin. You drain its power.
You feel invigorated. The hobgoblin hits you.
You take 2 damage, and have 12/15 hp.
MP restored: 3 You completely miss the hobgoblin.
You bite the hobgoblin. You drain its power. The hobgoblin barely misses you.
You hit the hobgoblin!
You kill the hobgoblin!
You have reached level 3!
Your experience leads to an increase in your attributes!
Increase (S)trength, (I)ntelligence, or (D)exterity?
You feel agile.
You regained 2 hp, and now have 14/18 hp.
MP restored: 4 You start resting.
A rat comes into view.
Total turns waited: 4 You see here 17 sling bullets.
You barely miss the rat. You bite the rat. You drain its power.
The rat closely misses you.
You barely miss the rat. Your bite misses the rat. You hit the rat!
You kill the rat!
No target in view!
You start resting.
Health restored: 18; Total turns waited: 5 You see here a rat corpse.
You see here a hobgoblin corpse.
An adder comes into view.
You hit the adder but do no damage. Your bite misses the adder.
The adder closely misses you.
You miss the adder. The adder bites you.
You are poisoned.
The adder poisons you! The adder bites you.
You are more poisoned.
The adder poisons you!
You take 2 damage, and have 16/18 hp.
You hit the adder. You bite the adder. You drain its power.
You feel sick. The adder bites you.
You take 4 damage, and have 12/18 hp.
MASSIVE DAMAGE!!
You now have 3/4 mp.
You closely miss the adder.
You feel sick. The adder bites you.
You are lethally poisoned!
The adder poisons you!
You take 3 damage, and have 9/18 hp.
You now have 2/4 mp.
You hit the adder!
You kill the adder!
You feel sick.
You take 1 damage, and have 8/18 hp.
You aren't carrying any potions.
Read which item? (? for menu, Esc to quit)
Okay, then.
You feel sick.
You see here an adder corpse.
You take 2 damage, and have 6/18 hp.
A hobgoblin comes into view. It is wielding a club.
You feel sick.
You are alive.
You are lethally poisoned (6 -> -2).
Your movement speed is average.
Your attack speed is above average.
You are not resistant to hostile enchantments.
You feel fairly stealthy.
* * * LOW HITPOINT WARNING * * *
You feel sick.
You take 1 damage, and have 5/18 hp.
* * * LOW HITPOINT WARNING * * *
You feel sick.
You take 1 damage, and have 4/18 hp.
* * * LOW HITPOINT WARNING * * *
You feel sick.
* * * LOW HITPOINT WARNING * * *
You feel sick.
You take 1 damage, and have 3/18 hp.
* * * LOW HITPOINT WARNING * * *
You feel sick.
You take 1 damage, and have 2/18 hp.
* * * LOW HITPOINT WARNING * * *
You feel sick.
* * * LOW HITPOINT WARNING * * *
You feel sick.
You take 1 damage, and have 1/18 hp.
You are alive.
You are lethally poisoned (1 -> -2).
Your movement speed is average.
Your attack speed is above average.
You are not resistant to hostile enchantments.
You feel fairly stealthy.
You die...

###......####
#.# #.
#....<†## #.#
#. #<......#
#.# #.
#.......# #.#
#. #.####..##
#.# #.
#..........
..
#.####..###
## #.......#
#@##..(..#
#.........>
.......g...
###.........
#####.....
#... ##


You could see a hobgoblin (sleeping).

Vanquished Creatures
  An adder (D:2)
  A giant gecko (D:1)
  3 bats (D:1)
  2 hobgoblins
  4 jackals (D:1)
  A giant newt (D:1)
  2 goblins (D:1)
  5 kobolds
  4 rats
23 creatures vanquished.

Notes
Turn   | Place    | Note
--------------------------------------------------------------
     0 | D:1      | Pikaro, the Vine Stalker Assassin, began the quest for the Orb.
     0 | D:1      | Reached XP level 1. HP: 11/11 MP: 1/1
    55 | D:1      | Reached skill level 2 in Short Blades
   148 | D:1      | Reached XP level 2. HP: 10/15 MP: 3/3
   156 | D:1      | HP: 3/15 [jackal (1)]
   165 | D:1      | HP: 3/15 [jackal (1)]
   176 | D:1      | HP: 1/15 [kobold/whip (3)]
   632 | D:1      | Reached skill level 3 in Short Blades
   808 | D:2      | Reached XP level 3. HP: 14/18 MP: 4/4
   850 | D:2      | HP: 4/18 [poisoned by an adder]
   855 | D:2      | HP: 2/18 [poisoned by an adder]
   857 | D:2      | Succumbed to an adder's poison

Action                   || total
-------------------------++-------
Melee: Dagger            ||    66
  Use: Scroll            ||     1
 Stab: Sleeping          ||     6

Vault maps used:
D:1:      lightli_arrival_maybe_door_vault
D:2:      cheibrodos_gnoll_hut

Table legend:
 A = Turns spent in this place as a percentage of turns spent in the entire game.
 B = Non-inter-level travel turns spent in this place as a percentage of non-inter-level travel turns spent in the entire game.
 C = Inter-level travel turns spent in this place as a percentage of turns spent in this place.
 D = Turns resting spent in this place as a percentage of non-inter-level travel turns spent in this place.
 E = Turns spent auto-exploring this place as a percentage of non-inter-level travel turns spent in this place.
 F = Non-inter-level travel turns spent in this place divided by the number of levels of this place that you've seen.
                   A       B       C       D       E      F
               +-------+-------+-------+-------+-------+----------------------
         Total | 100.0 | 100.0 |   0.4 |   5.9 |  10.5 | 118.5
       Dungeon | 100.0 | 100.0 |   0.4 |   5.9 |  10.5 | 118.5
               +-------+-------+-------+-------+-------+----------------------

Table legend:
 A = Kills in this place as a percentage of kills in entire the game.
 B = Kills by you in this place as a percentage of kills by you in the entire game.
 C = Kills by friends in this place as a percentage of kills by friends in the entire game.
 D = Other kills in this place as a percentage of other kills in the entire game.
 E = Experience gained in this place as a percentage of experience gained in the entire game.
 F = Experience gained in this place divided by the number of levels of this place that you have seen.
                   A       B       C       D       E      F
               +-------+-------+-------+-------+-------+----------------------
         Total | 100.0 | 100.0 |  -nan |  -nan | 100.0 |  25.5
       Dungeon | 100.0 | 100.0 |  -nan |  -nan | 100.0 |  25.5
               +-------+-------+-------+-------+-------+----------------------
